 Dungeon Crawl Stone Soup version 0.30-a0-1094-g860fb061e7 (webtiles) character file.

Game seed: 13427554467117173864

69196 Pooter the Severer (level 14, 0/100 (133) HPs)
             Began as a Minotaur Berserker on Apr 16, 2023.
             Was an Elder of Trog.
             Killed by divine providence
             ... invoked by an orc priest
              (10 damage)
             ... on level 2 of the Orcish Mines on Apr 17, 2023.
             The game lasted 02:10:42 (20864 turns).

Pooter the Severer (Minotaur Berserker)            Turns: 20864, Time: 02:10:43

HP:   0/100 (133)   AC: 27    Str: 24    XL:     14   Next: 89%
MP:   0/13          EV:  9    Int:  9    God:    Trog [****..]
Gold: 229           SH:  0    Dex: 11    Spells: 13/13 levels left

rFire   . . .      SeeInvis +    b - +2 arbalest (drain)
rCold   . . .      Faith    .    (shield currently unavailable)
rNeg    . . .      Spirit   +    s - +7 chain mail "Fusaggeco" {Rampage Slay+3}
rPois   +          Reflect  .    W - +2 hat {Int+3}
rElec   .          Rampage  +    M - +0 cloak {Will+}
rCorr   .                        c - +2 pair of gloves {hurl}
Will    ++++.                    X - +2 pair of boots {Fly} Stlth
                                 G - amulet of guardian spirit
HPRegen 1.36/turn                S - ring of see invisible
MPRegen 0.13/turn                g - ring of Disaster {rPois Slay+6}

@: strong-willed, flying, regenerating, heavily drained
A: horns 2, retaliatory headbutt, inability to drink after injury 1
a: Renounce Religion, Berserk, Trog's Hand, Brothers in Arms


You were on level 2 of the Orcish Mines.
You worshipped Trog.
Trog was greatly pleased with you.
You visited 3 branches of the dungeon, and saw 18 of its levels.
You also visited: Bailey.

You collected 1887 gold pieces.
You spent 1658 gold pieces at shops.

Inventory:

Hand Weapons
 a - a +0 broad axe of draining
   (You found it on level 5 of the Lair of Beasts)
 b - a +2 arbalest of draining (weapon)
   (You found it on level 2 of the Orcish Mines)
 v - a +2 morningstar of protection
   (You took it off an orc on level 5 of the Dungeon)
 w - a +2 vampiric demon whip
   (You took it off a balrug on level 1 of the Orcish Mines)
 z - a +6 dire flail of protection
   (You took it off Edmund on level 4 of the Dungeon)
 K - a +1 heavy war axe
   (You took it off an orc warrior on level 2 of the Orcish Mines)
Missiles
 j - 5 silver boomerangs
 m - 7 curare-tipped darts
 u - 14 boomerangs
 C - 57 poisoned darts
 F - 4 javelins
 O - 2 atropa-tipped darts
 Q - 201 stones
 Y - 5 datura-tipped darts
Armour
 c - a +2 pair of gloves of hurling (worn)
   (You acquired it on level 6 of the Dungeon)
 s - the +7 chain mail "Fusaggeco" (worn) {Rampage Slay+3}
   (You found it on level 3 of the Dungeon)

   Slay:      It affects your accuracy & damage with ranged weapons and melee
   (+3).
   Rampage:   It bestows one free step when moving towards enemies.
 M - a +0 cloak of willpower (worn)
   (You found it on level 4 of the Lair of Beasts)
 T - the +2 cloak of Words of Power {rC+}
   (You bought it in a shop on level 1 of the Orcish Mines)

   rC:        It protects you from cold.
 W - a +2 hat of intelligence (worn)
   (You took it off Gastronok on level 11 of the Dungeon)
 X - a +2 pair of boots of flying (worn)
   (You found it on level 11 of the Dungeon)
 Z - a +1 plate armour of poison resistance
   (You found it on level 2 of the Orcish Mines)
Jewellery
 g - the ring of Disaster (right hand) {rPois Slay+6}
   (You bought it in a shop on level 1 of the Orcish Mines)

   [ring of poison resistance]

   Slay:      It affects your accuracy & damage with ranged weapons and melee
   (+6).
   rPois:     It protects you from poison.
 o - a +6 ring of strength
   (You found it on level 2 of the Dungeon)
 G - an amulet of guardian spirit (around neck)
   (You found it on level 5 of the Dungeon)
 S - a ring of see invisible (left hand)
   (You found it on level 3 of the Lair of Beasts)
 U - a ring of willpower
   (You found it on level 3 of the Dungeon)
Wands
 d - a wand of iceblast (24)
   (You found it on level 5 of the Dungeon)
 f - a wand of flame (13)
   (You took it off Maurice on level 10 of the Dungeon)
 y - a wand of charming (9)
   (You took it off Ijyb on level 4 of the Dungeon)
 D - a wand of digging (1)
   (You took it off Robin on level 4 of the Dungeon)
 N - a wand of light (7)
   (You found it on level 7 of the Dungeon)
Scrolls
 e - 6 scrolls of noise {!r}
 i - 2 scrolls of identify {@r1}
 k - a scroll of silence
 q - a scroll of magic mapping
 r - 2 scrolls of fog
 t - 8 scrolls of teleportation {@r4}
 A - 2 scrolls of immolation {!r}
 I - 4 scrolls of fear
Potions
 h - 2 potions of cancellation
 l - 5 potions of might
 n - 3 potions of haste {@q3}
 p - 11 potions of curing {@q1}
 x - 7 potions of attraction {!q}
 E - a potion of flight
 H - a potion of resistance
 P - 3 potions of invisibility
 R - 4 potions of heal wounds {@q2}
 V - 2 potions of mutation {!q}
Miscellaneous
 J - a box of beasts
   (You found it on level 11 of the Dungeon)
 L - a piece from Xom's chessboard (10/15)
   (You found it on level 11 of the Dungeon)


   Skills:
 + Level 14.4 Fighting
 * Level 19.1(19.7) Axes
 - Level 8.2(14.8) Maces & Flails
 + Level 16.0 Ranged Weapons
 * Level 6.9 Armour
 - Level 2.1 Dodging
 - Level 3.3 Stealth
 + Level 3.2 Evocations


You had 13 spell levels left.
You didn't know any spells.
Your spell library was empty.

Dungeon Overview and Level Annotations

Branches:
Dungeon (11/15)            Temple (0/1) D:6            Lair (5/5) D:9
 Shoals (0/4) Lair:3        Snake (0/4) Lair:3        Slime (0/5) Lair:4
    Orc (2/2) D:11         Bailey (visited)
    Elf: Orc:2

Altars:
Cheibriados
Elyvilon
Hepliaklqana
Nemelex Xobeh
Okawaru
Qazlal
Sif Muna
Trog
Yredelemnul
Jiyva

Shops:
Orc:1 **[**   Orc:2 *

Annotations:
Lair:1 2 transporters, Pebb's ghost, novice DrCj
Lair:3 2 transporters, Gymmif's ghost, journeyman DsGl
Orc:2 Donald


Innate Abilities, Weirdness & Mutations

You have a pair of horns on your head.
You reflexively headbutt those who attack you in melee.
You occasionally lose the ability to drink potions when taking damage.


Message History

You shoot a bolt.
The bolt hits Donald but does no damage.
You drain Donald.
Donald hits you from afar with a +1 demon trident of draining.
* * * LOW HITPOINT WARNING * * *
You feel drained.
Donald hits you from afar with a +1 demon trident of draining!
* * * LOW MAGIC WARNING * * *
* * * LOW HITPOINT WARNING * * *
You feel drained.
* * * LOW HITPOINT WARNING * * *
As you read the scroll of teleportation {@r4}, it crumbles to dust.
You feel strangely unstable.
Donald hits you from afar with a +1 demon trident of draining!
* * * LOW MAGIC WARNING * * *
* * * LOW HITPOINT WARNING * * *
You feel drained.
* * * LOW HITPOINT WARNING * * *
Donald closely misses you.
You feel strangely stable.
You feel magically purged.
Donald hits you from afar with a +1 demon trident of draining!
* * * LOW MAGIC WARNING * * *
* * * LOW HITPOINT WARNING * * *
You feel drained.
The orc priest mumbles some strange prayers to Beogh against you.
Beogh smites you!
You feel threatened and lose the ability to drink potions!
* * * LOW MAGIC WARNING * * *
* * * LOW HITPOINT WARNING * * *
You cannot drink potions in your current state!
Aim: Donald, wielding a +1 demon trident of draining, wearing a +1 chain mail of cold resistance and wearing a +0 kite shield of reflection (heavily wounded, fast, strong, slightly transparent, misshapen and mutated, lightly drained, reflecting blocked projectiles, chance to affect: 21%) Donald is charmed.
Donald is engulfed in poison gas.
Donald is poisoned.
What are your orders? t - Shout!
Orders for allies: a - Attack new target. p - Attack previous target. r - Retreat! s - Stop attacking. g - Guard the area. f - Follow me.
Anything else - Cancel.
Gang up on whom?
Aim: an orc priest, wielding a +0 war axe and wearing a +0 leather armour Attack!
You can drink potions again.
Donald is engulfed in poison gas.
Donald looks even sicker.
The orc priest calls down the wrath of Beogh upon you.
Beogh smites you!
* * * LOW MAGIC WARNING * * *
You die...

...................
...#.....§§°§○°§§☼○○§☼§☼
..###....§°☼§§§§§☼☼§○○§○
.## ##...§○°○○§☼§§§§§○§☼
## ##..○○§§○§☼☼○○§§○☼§ #
##.☼§§§°°○§§○§°§☼○
##§§○§☼☼☼§○○○§§o☼
##§§§○§§§§@○☼o§§
##§○☼°○@§.○§§○§
##§○§○§§§☼§°§○
##°§°§§○☼§§§°
##§§§§§○§☼§§ ##§§§§§☼☼☼☼
##§§§○○§☼○ ##§§°§☼§§
§§°§§§○ ......


You could see 2 orc priests and the friendly Donald (charmed, fast, strong,
invisible, very poisoned, misshapen, drained, reflecting).

Vanquished Creatures
  Gastronok (D:11)
  An orc warlord (Orc:1)
  A balrug (Orc:1)
  The ghost of Omooseq the Skirmisher, a journeyman BaHu of Makhleb (Lair:4)
  4 dire elephants (Lair:5)
  Josephine (Lair:4)
  Harold (Orc:1)
  Erica (D:11)
  2 hydras
  A catoblepas (Lair:3)
  3 two-headed ogres (D:10)
  5 death yaks
  An orc high priest (Orc:1)
  Sonja (Orc:1)
  A skyshark (Lair:5)
  4 spectral death yaks (Lair:5)
  A spectral anaconda (Lair:5)
  A spectral hydra (Lair:4)
  Pikel (D:7)
  3 necromancers (Lair:5)
  An obsidian statue (Lair:5)
  An orc knight (Orc:1)
  An ugly thing (D:11)
  A wolf spider (Lair:4)
  A lindwurm (Lair:5)
  4 orc sorcerers
  31 elephants
  5 black mambas
  Maurice (D:10)
  17 cane toads
  A gargoyle (Bailey)
  3 kobold demonologists (D:10)
  A dire elephant skeleton (Lair:5)
  An unseen horror (D:10)
  3 rime drakes
  7 komodo dragons
  2 polar bears
  A hornet (D:9)
  6 trolls
  13 blink frogs
  Grinder (D:6)
  A spectral elephant (Lair:5)
  A snapping turtle (Lair:3)
  5 wraiths (Lair:4)
  6 wyverns
  21 yaks
  A basilisk (Lair:5)
  2 vampires
  A shadow (D:9)
  2 death yak simulacra
  3 steam dragons (D:8)
  2 spectral cane toads
  A naga (Lair:3)
  A warg (Orc:1)
  Edmund (D:4)
  29 water moccasins
  2 acid dragons
  A swamp drake (Lair:2)
  14 orc warriors
  A spectral torpor snail (Lair:4)
  A black bear (D:5)
  3 ice beasts (D:9)
  2 sky beasts
  2 centaurs
  13 ogres
  An elephant zombie (Lair:5)
  11 wolves
  2 elephant skeletons (Lair:5)
  A phantom (D:6)
  9 bullfrogs
  8 kobold brigands
  4 gnoll sergeants
  A cane toad simulacrum (Lair:5)
  A scorpion (D:5)
  5 wights (D:7)
  8 killer bees
  8 vampire bats (Bailey)
  3 electric eels
  A rime drake simulacrum (Lair:4)
  5 wolf zombies (Bailey)
  A gnoll bouda (D:6)
  3 hounds
  A jelly (D:6)
  5 orc priests
  4 iguanas (D:5)
  Ijyb (D:4)
  A sleepcap (D:7)
  10 orc wizards
  A mummy (D:5)
  Robin (D:4)
  15 adders
  16 gnolls
  A shadow imp (D:6)
  4 white imps
  3 worms
  47 orcs
  2 ball pythons (D:1)
  5 bats
  2 endoplasms (D:2)
  A giant cockroach (D:1)
  16 goblins
  11 hobgoblins
  3 jackals (D:1)
  43 kobolds
  2 quokkas
  2 frilled lizards (D:3)
  20 orc zombies (Bailey)
  7 rats
549 creatures vanquished.

Vanquished Creatures (collateral kills)
  A warg (Orc:2)
  An orc warrior (Orc:2)
  An orc (Orc:2)
3 creatures vanquished.

Vanquished Creatures (others)
  2 orc warriors (Orc:2)
  An orc priest (Orc:2)
  An orc (Orc:2)
  A kobold (D:9)
  12 fungi
  28 plants
  7 withered plants (Lair:5)
52 creatures vanquished.

Grand Total: 604 creatures vanquished

Notes
Turn   | Place    | Note
-------+----------+-------------------------------------------
     0 | D:1      | Pooter the Minotaur Berserker began the quest for the Orb.
     0 | D:1      | Reached XP level 1. HP: 19/19 MP: 0/0
   200 | D:1      | Reached XP level 2. HP: 27/27 MP: 1/1
   206 | D:1      | Reached skill level 4 in Axes
   425 | D:1      | Reached skill level 1 in Stealth
   473 | D:1      | Found a faded altar of an unknown god.
  1122 | D:2      | Reached XP level 3. HP: 26/33 MP: 2/2
  1536 | D:2      | Reached ** piety under Trog
  1825 | D:3      | Identified the +7 chain mail "Fusaggeco" {Rampage Slay+3}
  2045 | D:3      | Reached XP level 4. HP: 40/40 MP: 3/3
  2175 | D:4      | Found an iron altar of Okawaru.
  2213 | D:4      | Noticed Edmund
  2224 | D:4      | Killed Edmund
  2225 | D:4      | Reached skill level 5 in Axes
  2225 | D:4      | Reached XP level 5. HP: 47/47 MP: 4/4
  2269 | D:4      | Noticed Robin
  2277 | D:4      | Killed Robin
  2637 | D:4      | Reached XP level 6. HP: 55/55 MP: 5/5
  2839 | D:4      | Noticed Ijyb
  2853 | D:4      | Killed Ijyb
  2854 | D:4      | Reached skill level 6 in Axes
  2911 | D:5      | Entered Level 5 of the Dungeon
  2954 | D:5      | Reached skill level 5 in Fighting
  2958 | D:5      | Reached *** piety under Trog
  2961 | D:5      | Reached skill level 1 in Ranged Weapons
  3265 | D:5      | Reached XP level 7. HP: 61/61 MP: 6/6
  3410 | D:5      | Reached skill level 7 in Axes
  3842 | D:5      | Found a stormy altar of Qazlal.
  3890 | D:5      | Found a snail-covered altar of Cheibriados.
  4237 | D:6      | Reached skill level 1 in Maces & Flails
  4261 | D:6      | Found a hazy altar of Hepliaklqana.
  4281 | D:6      | Identified a scroll of acquirement
  4282 | D:6      | Acquired a +1 pair of gloves of hurling
  4332 | D:6      | Reached XP level 8. HP: 60/70 MP: 7/7
  4442 | D:6      | Found a staircase to the Ecumenical Temple.
  4621 | D:6      | Reached **** piety under Trog
  4628 | D:6      | Reached skill level 5 in Ranged Weapons
  4685 | D:6      | Noticed Grinder
  4692 | D:6      | Killed Grinder
  4693 | D:6      | Reached skill level 8 in Axes
  5112 | D:7      | Noticed Pikel
  5122 | D:7      | Killed Pikel
  5123 | D:7      | Reached skill level 5 in Maces & Flails
  5123 | D:7      | Reached XP level 9. HP: 79/79 MP: 6/8
  5173 | D:7      | Identified the +0 leather armour of Enat {rF++ Int-3 Dex+3}
  5315 | D:7      | Found a basalt altar of Yredelemnul.
  5598 | D:7      | Found a white marble altar of Elyvilon.
  5725 | D:8      | Found a flagged portal.
  5743 | Bailey   | Entered a bailey
  6138 | Bailey   | Reached skill level 9 in Axes
  6179 | Bailey   | Noticed a gargoyle
  6184 | Bailey   | Killed a gargoyle
  6299 | Bailey   | Identified the staff of fire "Neicvosi" {rF+ Int+5}
  6370 | Bailey   | Identified the +0 chain mail of Peerghokk {Rampage Str+4}
  6697 | D:8      | Reached XP level 10. HP: 86/88 MP: 9/9
  6852 | D:8      | Reached skill level 10 in Axes
  7551 | D:9      | Reached skill level 11 in Axes
  7553 | D:9      | Found a staircase to the Lair.
  7805 | D:9      | Found a bloodstained altar of Trog.
  8035 | D:9      | Reached skill level 10 in Ranged Weapons
  8115 | D:9      | Found a sparkling altar of Nemelex Xobeh.
  8272 | D:9      | Found a shimmering blue altar of Sif Muna.
  8354 | D:10     | Entered Level 10 of the Dungeon
  8529 | D:10     | Noticed a two-headed ogre
  8538 | D:10     | Killed a two-headed ogre
  8590 | D:10     | Gained mutation: You do not regenerate when monsters are
                  | visible. [a neqoxec]
  8594 | D:10     | Reached skill level 12 in Axes
  8594 | D:10     | Reached XP level 11. HP: 97/97 MP: 10/10
  8619 | D:10     | Noticed a sun demon
  8625 | D:10     | Noticed a sun demon
  8741 | D:10     | Noticed a two-headed ogre
  8749 | D:10     | Killed a two-headed ogre
  8941 | D:10     | Noticed a two-headed ogre
  8951 | D:10     | Killed a two-headed ogre
  8952 | D:10     | Reached skill level 10 in Fighting
  9140 | D:10     | Noticed Maurice
  9171 | D:10     | Killed Maurice
  9532 | Lair:1   | Entered Level 1 of the Lair of Beasts
  9568 | Lair:1   | Identified the +0 scale mail of Lesser Demons {Harm rF++
                  | Dex+4}
  9746 | Lair:1   | Reached skill level 13 in Axes
  9927 | Lair:1   | Found a transporter.
  9950 | Lair:1   | Noticed Pebb's ghost (novice DrCj)
  9957 | Lair:1   | Found a transporter.
  9991 | Lair:1   | Noticed a five-headed hydra
 10042 | Lair:1   | Noticed a skyshark
 11654 | Lair:3   | Reached skill level 14 in Axes
 11668 | Lair:3   | Noticed a catoblepas
 11722 | Lair:3   | Killed a catoblepas
 11723 | Lair:3   | Reached XP level 12. HP: 110/110 MP: 9/11
 11938 | Lair:3   | Noticed a death yak
 11939 | Lair:3   | Noticed a death yak
 11939 | Lair:3   | Noticed a death yak
 11964 | Lair:2   | Killed a death yak
 12040 | Lair:3   | Noticed a death yak
 12040 | Lair:3   | Noticed a death yak
 12048 | Lair:2   | Killed a death yak
 12088 | Lair:2   | Killed a death yak
 12094 | Lair:2   | Killed a death yak
 12156 | Lair:3   | Killed a death yak
 12624 | Lair:3   | Reached skill level 15 in Axes
 13026 | Lair:3   | Noticed a five-headed hydra
 13035 | Lair:3   | Killed a five-headed hydra
 13194 | Lair:3   | Found a transporter.
 13196 | Lair:3   | Found a transporter.
 13210 | Lair:3   | Noticed Gymmif's ghost (journeyman DsGl)
 13211 | Lair:3   | Found a bloodstained altar of Trog.
 13223 | Lair:3   | Reached XP level 13. HP: 118/118 MP: 12/12
 13352 | Lair:3   | Found a staircase to the Snake Pit.
 13476 | Lair:3   | You fall into a shaft and drop 2 floors!
 13476 | Lair:5   | Entered Level 5 of the Lair of Beasts
 13488 | Lair:5   | Reached skill level 16 in Axes
 13573 | Lair:3   | Upgraded the game from 0.30-a0-1082-g70414cbcbb to
                  | 0.30-a0-1085-g990a428a5c
 13669 | Lair:3   | Found a staircase to the Shoals.
 14079 | Lair:4   | Noticed Josephine
 14086 | Lair:4   | Killed Josephine
 14269 | Lair:4   | Found a viscous altar of Jiyva.
 14269 | Lair:4   | Found a staircase to the Slime Pits.
 14520 | Lair:4   | Reached skill level 15 in Ranged Weapons
 14947 | Lair:4   | Found a runed translucent gate.
 14948 | Lair:4   | Found a runed translucent gate.
 14948 | Lair:4   | Found a runed translucent gate.
 14951 | Lair:4   | Noticed Omooseq's ghost (journeyman BaHu)
 14975 | Lair:4   | Killed Omooseq's ghost
 15389 | Lair:4   | Reached skill level 17 in Axes
 16702 | Lair:5   | Lost mutation: You do not regenerate when monsters are
                  | visible. [potion of mutation]
 16702 | Lair:5   | Gained mutation: You possess an exceptional clarity of
                  | mind. [potion of mutation]
 16702 | Lair:5   | Lost mutation: You possess an exceptional clarity of mind.
                  | [potion of mutation]
 16702 | Lair:5   | Gained mutation: You occasionally lose the ability to drink
                  | potions when taking damage. [potion of mutation]
 16954 | Lair:5   | Reached XP level 14. HP: 129/129 MP: 13/13
 17430 | Lair:5   | Reached skill level 18 in Axes
 17655 | Lair:5   | Identified the staff of fire "Hajazune" {rF+ Dex+6}
 17897 | Lair:5   | Reached skill level 1 in Evocations
 18478 | D:11     | Identified the +6 dagger "Guph" {freeze, Str+3}
 18481 | D:11     | Noticed Gastronok
 18509 | D:11     | Killed Gastronok
 18765 | D:11     | Reached skill level 5 in Armour
 18831 | D:11     | Noticed Erica
 18838 | D:11     | Killed Erica
 19085 | D:11     | Found a staircase to the Orcish Mines.
 19322 | Orc:1    | Entered Level 1 of the Orcish Mines
 19322 | Orc:1    | Noticed Sonja
 19451 | Orc:1    | Killed Sonja
 19645 | Orc:1    | Found Imporrol's General Store.
 19653 | Orc:1    | Bought 5 datura-tipped darts for 63 gold pieces
 19653 | Orc:1    | Bought a potion of cancellation for 112 gold pieces
 19690 | Orc:2    | Entered Level 2 of the Orcish Mines
 19843 | Orc:2    | Noticed an orc warlord
 19865 | Orc:1    | Killed an orc warlord
 19871 | Orc:2    | Reached skill level 19 in Axes
 19956 | Orc:2    | Upgraded the game from 0.30-a0-1085-g990a428a5c to
                  | 0.30-a0-1094-g860fb061e7
 20019 | Orc:1    | Found a bloodstained altar of Trog.
 20060 | Orc:1    | Found Feibereh's Assorted Antiques.
 20086 | Orc:1    | Bought a potion of mutation for 192 gold pieces
 20086 | Orc:1    | Bought a pair of embroidered gloves for 180 gold pieces
 20086 | Orc:1    | Bought a spiked cloak for 228 gold pieces
 20086 | Orc:1    | Identified the +2 cloak of Words of Power {rC+} (You bought
                  | it in a shop on level 1 of the Orcish Mines)
 20135 | Orc:1    | Found Dilocuevuq's Antique Armour Shop.
 20159 | Orc:1    | Found Anke's Specific Store.
 20161 | Orc:1    | Noticed Harold
 20168 | Orc:1    | Killed Harold
 20172 | Orc:1    | Found Peivicui's General Store.
 20182 | Orc:1    | Bought the ring of Disaster {rPois Slay+6} for 835 gold
                  | pieces
 20307 | Orc:1    | Found a runed translucent door.
 20310 | Orc:1    | Noticed a balrug
 20321 | Orc:1    | Killed a balrug
 20563 | Orc:1    | Found Ibrudghemp's CLEARANCE SALE!.
 20568 | Orc:1    | Bought a potion of mutation for 48 gold pieces
 20804 | Orc:2    | Found Wuniqu Azxyc's General Store.
 20847 | Orc:2    | Noticed Donald
 20864 | Orc:2    | Killed from afar by an orc priest

Illustrated notes

Levels and vault maps discovered:
D:1:      saegor_arrival_simple_a, layout_basic,
          dreamdust_ecumenical_altar_angels_and_demons
D:2:      layout_basic
D:3:      layout_rooms
D:4:      kennysheep_the_goblin_king, layout_basic, okawaru_metal_pillars_1_2,
          uniq_edmund, uniq_robin
D:5:      kennysheep_kobold_camp, layout_basic, mainiacjoe_overflow_brackets,
          chei_slow_surprise, kennysheep_generic_room_10
D:6:      layout_basic, lemuel_doored_altar, minmay_temple_entry_water_ring,
          serial_rivers, chequers_serial_rivers_micro_c,
          chequers_serial_rivers_marsh, chequers_serial_rivers_micro_c,
          chequers_serial_rivers_micro_b, chequers_serial_rivers_large_a,
          uniq_grinder
D:7:      layout_rooms, kennysheep_ying_yang, uniq_pikel
D:8:      layout_cave_pools, enter_bailey_4
D:9:      layout_irregular_city, nemelex_diamond_rough_becter,
          lemuel_coloured_pillars_altar, general_overflow_altar,
          hellmonk_lair_entry_icy
D:10:     layout_cave_pods, uniq_maurice
D:11:     layout_rooms, kennysheep_orc_monster_closet_entryway, minivault_14,
          uniq_gastronok, uniq_erica
Lair:1:   layout_gridlike, gammafunk_ghost_berserking_beasts,
          infiniplex_staircase_pool_2
Lair:2:   lemuel_reptile_caves, layout_small_grid, lemuel_fruit_tree
Lair:3:   layout_regular_city, minmay_shoals_entry_hut,
          guppyfry_snake_entry_garden, gammafunk_ghost_wrathful_warriors,
          infiniplex_staircase_pool
Lair:4:   layout_small_grid, slime_entry_1, gammafunk_ghost_necromancy,
          nicolae_lair_run_with_the_wolves, uniq_josephine
Lair:5:   due_jungle_book, layout_misc_corridors, chequers_serial_rivers_room_b,
          grunt_megastairs_3, serial_bayou_shore_a
Orc:1:    dreamdust_dug_too_deep, layout_diamond_mine, serial_shops, shop, shop,
          shop_coins, basic_altar, nicolae_specific_store,
          nicolae_shop_clearance, uniq_sonja, uniq_harold
Orc:2:    pf_orc_diabolical, layout_diamond_mine, special_room, serial_shops,
          shop, ebering_ghost_inner_flame, mines2_lemuel, uniq_donald

Skill      XL: |  1  2  3  4  5  6  7  8  9 10 11 12 13 14 |
---------------+-------------------------------------------+-----
Axes           | 4 5 6 7 8 9 12 14 15 17 19 | 19.1
Stealth        | 1 2 3 |  3.3
Fighting       | 4 5 6 7 8 9 11 12 13 14 | 14.4
Ranged Weapons | 2 4 6 8 10 12 14 15 16 | 16.0
Maces & Flails | 1 5 6 8 |  8.2
Armour         | 6 |  6.9
Evocations     | 3 |  3.2
Dodging        | |  2.1

Action                     |  1- 3 |  4- 6 |  7- 9 | 10-12 | 13-15 || total
---------------------------+-------+-------+-------+-------+-------++-------
  Melee: Hand axe          |    80 |     6 |       |       |       ||    86
         Headbutt          |    11 |    13 |    35 |    78 |   133 ||   270
         Dire flail        |       |    56 |   113 |   262 |   464 ||   895
         War axe           |       |       |    67 |     9 |       ||    76
         Punch             |       |       |     1 |       |       ||     1
         Battleaxe         |       |       |       |   105 |    36 ||   141
         Broad axe         |       |       |       |       |    15 ||    15
   Fire: Sling             |       |       |    72 |     5 |    59 ||   136
         Shortbow          |       |       |       |    40 |   133 ||   173
         Arbalest          |       |       |       |       |    45 ||    45
  Throw: Stone             |     7 |       |       |       |       ||     7
         Javelin           |       |    17 |     3 |       |       ||    20
         Boomerang         |       |     3 |       |       |       ||     3
         Dart              |       |       |    16 |    62 |    47 ||   125
 Invoke: Berserk           |     1 |     1 |     6 |    10 |    10 ||    28
         Trog's Hand       |       |     2 |     5 |    14 |    21 ||    42
  Evoke: Wand              |       |     1 |     3 |     5 |     8 ||    17
         Piece from Xom's  |       |       |       |       |     7 ||     7
    Use: Scroll            |     2 |     1 |     5 |    19 |     8 ||    35
         Potion            |       |       |       |     7 |     3 ||    10
   Stab: Sleeping          |     4 |       |       |       |       ||     4
         Invisible         |       |       |     1 |       |       ||     1
 Armour: Animal skin       |    11 |       |       |       |       ||    11
         Chain mail        |     9 |    67 |   129 |   286 |   342 ||   833
  Dodge: Dodged            |    39 |    43 |    96 |   215 |   215 ||   608

Table legend: (Time is in decaauts)
 A = Elapsed time spent in this place.
 B = Non-inter-level travel time spent in this place.
 C = Inter-level travel time spent in this place.
 D = Time resting spent in this place.
 E = Time spent auto-exploring this place.
 F = Levels seen in this place.
 G = Mean time per level.
                   A        B        C        D        E       F      G
               +--------+--------+--------+--------+--------+-----+--------+
         Total |  20978 |  20235 |    743 |   5175 |  11283 |  19 | 1104.1 |
       Dungeon |  10014 |   9626 |    388 |   1317 |   6480 |  11 |  910.4 |
          Lair |   8706 |   8427 |    279 |   2996 |   4039 |   5 | 1741.2 |
  Orcish Mines |   1461 |   1387 |     74 |    444 |    564 |   2 |  730.5 |
        Bailey |    796 |    796 |      0 |    415 |    200 |   1 |  796.0 |
               +--------+--------+--------+--------+--------+-----+--------+

Top non-repeatable levels by time:
  Lair:5: 2816 daAuts
  Lair:3: 1924 daAuts
  Lair:2: 1730 daAuts
  Lair:4: 1437 daAuts
    D:10: 1248 daAuts
     D:5: 1234 daAuts
    D:11: 1044 daAuts
   Orc:1: 1020 daAuts
     D:1: 982 daAuts
     D:8: 978 daAuts
     D:9: 958 daAuts
     D:6: 898 daAuts
     D:4: 810 daAuts
  Lair:1: 797 daAuts
  Bailey: 796 daAuts
